Map: Purity and Industry LE

Players

JohnnyV

  • Race: Terran Terran
  • Spawn Location: 3:00

NDT - Winner!

  • Race: Terran Terran
  • League: Silver
  • Spawn Location: 12:00

VOD

Have the link to the VOD?

Description

Time

  • Played on: April 27, 2020, 9:09 a.m.
  • Length: 6:37
Show
View Real Time Build Order
Export as new Build Order

JohnnyV Terran 

Build Orders:  

Get SALT Encoding   

  12  0:01  SCV  
  13  0:15  Supply Depot  
  13  0:17  SCV  
  14  0:29  SCV  
  15  0:40  Barracks  
  15  0:41  SCV  
  16  0:55  SCV  
  17  1:01  Refinery  
  17  1:07  SCV  
  18  1:11  Refinery  
  18  1:19  SCV  
  19  1:30  Marine  
  19  1:32  SCV  
  21  1:40  Bunker  
  21  1:50  Orbital Command  
  21  1:55  Marine  
  22  2:05  Factory  
  22  2:13  Marine  
  23  2:33  Command Center  
  22  3:05  SCV  
  23  3:06  Barracks Reactor  
  23  3:07  Factory Tech Lab  
  23  3:40  Supply Depot  
  23  3:45  SCV, Siege Tank  
  27  3:49  Supply Depot  
  27  3:55  Orbital Command  
  27  3:57  SCV  
  27  4:00  Marine  
  27  4:01  Marine  
  30  4:03  Refinery  
  30  4:16  Starport  
  30  4:23  Marine x2  
  33  4:31  SCV x2  
  33  4:38  Siege Tank  
  37  4:47  Engineering Bay  
  37  4:50  Engineering Bay  
  37  4:51  Marine  
  37  4:52  Marine  
  39  4:57  Starport Reactor  
  39  5:12  Barracks  
  39  5:15  Supply Depot  
  39  5:33  Missile Turret  
  39  5:37  Missile Turret  
  39  5:40  Viking x2  
  40  5:46  Marine x2  
  33  6:02  Marine  
Show
View Real Time Build Order
Export as new Build Order

NDT Terran - Winner!

Build Orders:  

Get SALT Encoding   

  12  0:01  SCV  
  13  0:16  Supply Depot  
  13  0:17  SCV  
  14  0:29  SCV  
  15  0:39  Barracks  
  15  0:44  Refinery  
  15  0:45  SCV  
  16  0:57  SCV  
  16  1:04  Refinery  
  17  1:09  SCV  
  18  1:16  Supply Depot  
  18  1:21  SCV  
  19  1:33  SCV  
  19  1:37  Reaper  
  21  1:45  SCV  
  22  1:49  Factory  
  22  1:59  SCV  
  23  2:11  SCV  
  24  2:27  Marine  
  25  2:34  Starport  
  25  2:45  Marine  
  26  2:56  Factory Tech Lab  
  25  3:02  Marine  
  26  3:11  Command Center  
  26  3:12  Fusion Core  
  26  3:21  Marine  
  26  3:25  Starport Tech Lab  
  27  3:28  Siege Tank  
  30  3:37  Orbital Command  
  30  4:05  Supply Depot  
  30  4:09  Supply Depot  
  30  4:23  Battlecruiser  
  36  4:31  SCV x2  
  38  4:43  SCV x2  
  38  4:44  Weapon Refit  
  40  4:52  Armory  
  40  4:55  SCV x2  
  42  5:06  Marine  
  43  5:07  SCV x2  
  45  5:19  SCV x2  
  47  5:24  Marine  
Tags
 
League
Silver
Matchup
TvT
Race
Terran
Spawn Locations
Close Positions
Add a new tag
Caveats
  • Supply blocks, unpowered buildings, or Contaminate may cause inaccurate times.
  • Supply counts are checked every 10 seconds.